 Dungeon Sprint DCSS version 0.29-a0-356-g7bc237e783 (webtiles) character file.

Game seed: 854150295808656831

15740 Zeldest the Warrior (level 12, -6/111 HPs)
             Began as a Demonspawn Transmuter on Apr 25, 2022.
             Was a Believer of Jiyva.
             Killed by divine providence
             ... invoked by an orc high priest
              (14 damage)
             ... in the Dungeon (Sprint IX: "|||||||||||||||||||||||||||||").
             The game lasted 00:10:23 (902 turns).

Zeldest the Warrior (Demonspawn Transmuter)          Turns: 902, Time: 00:10:24

Health: -6/111     AC: 12    Str: 15    XL:     12   Next: 3%
Magic:  19/20      EV: 20    Int: 20    God:    Jiyva [**....]
Gold:   1689       SH:  4    Dex: 13    Spells: 19/22 levels left

rFire   + . .      SeeInvis .     - Unarmed
rCold   . . .      Faith    .   (no shield)
rNeg    . . .      Spirit   .   b - +2 troll leather armour
rPois   .          Reflect  .   (helmet currently unavailable)
rElec   .          Harm     .   (no cloak)
rCorr   +          Rampage  .   t - +0 pair of gloves
Will    .....      NoTele   +   (boots currently unavailable)
Stlth   +.........              (no amulet)
HPRegen 2.04/turn               e - ring of protection from fire
MPRegen 0.47/turn               m - +2 ring of evasion

@: appendages, wereblooded
A: horns 2, talons 2, foul stench 1, icemail 1, big brain 2, condensation
shield, weakness stinger 2
a: End Transformation, Renounce Religion


You were in the Dungeon.
You worshipped Jiyva.
Jiyva was pleased with you.
You had temporarily grown beastly horns and talons.
You visited 1 branch You collected 1689 gold pieces.

Inventory:

Armour
 a - a +0 robe
 b - a +2 troll leather armour (worn)
 k - a +0 helmet (melded)
 l - a +1 chain mail
 t - a +0 pair of gloves (worn)
 u - a +0 pair of boots (melded)
Magical Staves
 g - a staff of death
Jewellery
 e - a ring of protection from fire (left hand)
 m - a +2 ring of evasion (right hand)
 n - a +3 ring of intelligence
Wands
 j - a wand of iceblast (3)
 q - a wand of polymorph (12)
Scrolls
 i - 2 scrolls of amnesia
 r - a scroll of identify
Potions
 c - 5 potions of curing
 f - 4 potions of magic
 o - a potion of might
 p - a potion of brilliance


   Skills:
 + Level 15.6 Fighting
 + Level 8.3 Armour
 + Level 14.5 Dodging
 + Level 14.6 Unarmed Combat
 - Level 5.5 Spellcasting
 - Level 11.0 Transmutations


You had 19 spell levels left.
You knew the following spells:

 Your Spells              Type           Power      Damage    Failure   Level
a - Beastly Appendage     Tmut           98%        N/A       1%          1
b - Wereblood             Tmut           49%        N/A       1%          2

Your spell library contained the following spells:

 Spells                   Type           Power      Damage    Failure   Level
 Spider Form              Tmut/Pois      27%        N/A       4%          3
 Ice Form                 Ice/Tmut       27%        N/A       14%         4


Dungeon Overview and Level Annotations

Branches:
Dungeon (1/1)

Altars:
Cheibriados
Dithmenos
Elyvilon
Fedhas
Gozag
Hepliaklqana
Kikubaaqudgha
Makhleb
Nemelex Xobeh
Okawaru
Qazlal
Ru
Sif Muna
Trog
Uskayaw
Vehumet
Wu Jian
Xom
Yredelemnul
Zin
The Shining One
Beogh
Jiyva
Lugonu

Shops:
D [(=?


Innate Abilities, Weirdness & Mutations

You have temporarily grown beastly horns and talons.
You may rarely emit foul miasma when damaged in melee.
A meltable icy envelope protects you from harm. (AC +4)
You have an extremely huge brain. (Int +4)
A meltable shield of frost defends you. (SH +4)
You have a tail ending in a sharp stinger.


Message History

Your +0 helmet melds into your body.
Your +0 pair of boots melds into your body.
The orc knight roars a battlecry!
The orc knight goes into a battle-frenzy!
Casting: Beastly Appendage (safe; 1% risk of failure)
Confirm with . or Enter, or press ? or * to list all spells.
Your blood is infused with primal strength.
The orc knight hits you with a +0 battleaxe!!
You hit the orc knight. You claw the orc knight.
You punch the orc knight, but do no damage.
The orc knight is almost dead.
The orc knight hits you with a +0 battleaxe!!
You punch the orc knight!
You feel a bit better.
You kill the orc knight!
The orc high priest utters an invocation to Beogh.
You have reached level 12!
You feel clever.
You closely miss the orc knight. You claw the orc knight.
You headbutt the orc knight, but do no damage.
The orc knight is lightly wounded.
The orc knight hits you with a +1 great mace of protection!!!
* * * LOW HITPOINT WARNING * * *
Okay, then.
Aiming: Polymorph
Press: ? - help, Shift-Dir - straight line, f - orc knight
Aim: an orc knight, wielding a +1 great mace of protection and wearing a +0 chain mail (lightly wounded, strong, will become a two-headed ogre, a raiju, or a black bear, chance to affect: 31%)
Okay, then.
You hit the orc knight but do no damage.
You claw the orc knight, but do no damage.
Your punch misses the orc knight.
The orc knight is lightly wounded.
You punch the orc knight! You headbutt the orc knight!
You punch the orc knight, but do no damage.
The orc knight is moderately wounded.
You howl as the wereblood boils in your veins!
The orc knight hits you with a +1 great mace of protection!
* * * LOW HITPOINT WARNING * * *
The orc high priest mumbles some strange prayers to Beogh against you.
Beogh smites you!
You die...

,*,*+*,*,*,*,*,▓)▓.▓.▓.▓_▓
,*,*,*,*,*,*,*,▓)▓.▓.▓.▓'▓
,*,*,*,*+*,*,*,▓)▓.▓.▓.▓.▓
,*,*,*,*,*,*,*,▓)▓.▓|▓.▓.▓
,*,*,*,*,*,*,*,▓4▓.▓.▓.▓.▓
+*,*,*,*,*,*,*,▓o▓.▓.▓.▓.▓
,*,*,*,*,*,*,*,▓o▓.▓.▓.▓†▓
,*,*,*,*,*,*,*,▓o▓.▓.▓.▓†▓
,*,*,*,*,*,*+*,▓@▓.▓.▓.▓.▓
,*,*,*,*,*,*,*,▓.▓.▓.▓.▓.▓
,*,*,*,*,*,*,*,▓.▓.▓'▓.▓.▓
,*,*,*,*,*,*,*,▓.▓.▓.▓.▓.▓
,*,*,*,*,*,*,*,▓.▓.▓.▓.▓.▓
,*,*,*,*,*,*,*,▓.▓.▓.▓.▓)▓
,*,*,*,*,*,*,*,▓.▓.▓.▓.▓.▓
,*,*,*,*,*,*,*,▓.▓.▓.▓.▓.▓
,*,*,*,*,*,*,*,▓.▓.▓.▓.▓.▓


You could see 2 orc knights, an orc high priest (strong) and an ice devil
(summoned).

Vanquished Creatures
  A boulder beetle (D)
  2 two-headed ogres (D)
  5 orc high priests (D)
  Sonja (D)
  A deep elf pyromancer (D)
  5 orc knights (D)
  An ugly thing (D)
  An orc sorcerer (D)
  A cyclops (D)
  6 cane toads (D)
  2 gargoyles (D)
  A kobold demonologist (D)
  2 komodo dragons (D)
  4 blink frogs (D)
  A troll (D)
  A snapping turtle (D)
  A yak (D)
  3 basilisks (D)
  A vampire mosquito (D)
  2 water moccasins (D)
  11 orc warriors (D)
  A wolf (D)
  A phantom (D)
  6 bullfrogs (D)
  A necrophage (D)
  2 orc priests (D)
  6 orc wizards (D)
  2 adders (D)
  A dart slug (D)
  6 orcs (D)
  A goblin (D)
  A hobgoblin (D)
  A frilled lizard (D)
  2 rats (D)
84 creatures vanquished.

Vanquished Creatures (others)
  4 great orbs of eyes (D)
  A slime creature (D)
  3 jellies (D)
8 creatures vanquished.

Grand Total: 92 creatures vanquished

Notes
Turn   | Place    | Note
-------+----------+-------------------------------------------
     0 | D        | Zeldest the Demonspawn Transmuter began the quest for the
                  | Orb.
     0 | D        | Reached XP level 1. HP: 15/15 MP: 3/3
    30 | D        | Noticed a phantom
    30 | D        | Noticed a necrophage
    34 | D        | Reached skill level 2 in Fighting
    34 | D        | Gained mutation: A meltable shield of frost defends you.
                  | (SH +4) [demonic ancestry]
    34 | D        | Reached XP level 2. HP: 23/23 MP: 3/5
    38 | D        | Killed a necrophage
    39 | D        | Reached skill level 3 in Fighting
    39 | D        | Gained mutation: You have a small tail. [demonic ancestry]
    39 | D        | Reached XP level 3. HP: 30/30 MP: 3/6
    39 | D        | Gained mutation: You may rarely emit foul miasma when
                  | damaged in melee. [demonic ancestry]
    39 | D        | Reached XP level 4. HP: 37/37 MP: 3/7
    47 | D        | Killed a phantom
    48 | D        | Reached skill level 5 in Fighting
    48 | D        | Reached skill level 5 in Unarmed Combat
    48 | D        | Reached XP level 5. HP: 40/44 MP: 4/8
    50 | D        | Reached skill level 5 in Dodging
    50 | D        | Reached skill level 5 in Transmutations
    57 | D        | Found a snail-covered altar of Cheibriados.
    57 | D        | Found a shadowy altar of Dithmenos.
    57 | D        | Found a blossoming altar of Fedhas.
    57 | D        | Found an opulent altar of Gozag.
    58 | D        | Found a hazy altar of Hepliaklqana.
    59 | D        | Found a viscous altar of Jiyva.
    60 | D        | Found an ancient bone altar of Kikubaaqudgha.
    61 | D        | Found a corrupted altar of Lugonu.
    62 | D        | Found a burning altar of Makhleb.
    63 | D        | Found a sparkling altar of Nemelex Xobeh.
    64 | D        | Found an iron altar of Okawaru.
    65 | D        | Found a stormy altar of Qazlal.
    66 | D        | Found a sacrificial altar of Ru.
    67 | D        | Found a shimmering blue altar of Sif Muna.
    68 | D        | Found a bloodstained altar of Trog.
    69 | D        | Found a hide-covered altar of Uskayaw.
    70 | D        | Found a radiant altar of Vehumet.
    71 | D        | Found an ornate altar of the Wu Jian Council.
    72 | D        | Found a shimmering altar of Xom.
    73 | D        | Found a basalt altar of Yredelemnul.
   108 | D        | Became a worshipper of Jiyva Jaskid the Shapeless
   110 | D        | Killed a great orb of eyes
   110 | D        | Killed a great orb of eyes
   112 | D        | Killed a great orb of eyes
   113 | D        | Killed a great orb of eyes
   114 | D        | Killed a slime creature
   156 | D        | Noticed a troll
   156 | D        | Noticed a gargoyle
   156 | D        | Noticed a two-headed ogre
   156 | D        | Noticed an orc warrior
   156 | D        | Noticed an orc warrior
   156 | D        | Noticed a kobold demonologist
   164 | D        | Killed a kobold demonologist
   165 | D        | Reached skill level 7 in Fighting
   165 | D        | Reached XP level 6. HP: 55/55 MP: 9/9
   169 | D        | Killed a two-headed ogre
   170 | D        | Reached skill level 8 in Fighting
   170 | D        | Gained mutation: You have a tail ending in a sharp stinger.
                  | [demonic ancestry]
   170 | D        | Reached XP level 7. HP: 39/63 MP: 10/10
   174 | D        | Reached skill level 9 in Fighting
   174 | D        | Gained mutation: You have an unusually large brain. (Int
                  | +2) [demonic ancestry]
   174 | D        | Reached XP level 8. HP: 45/71 MP: 11/11
   177 | D        | Killed a gargoyle
   179 | D        | Killed a troll
   206 | D        | Learned a level 2 spell: Wereblood
   214 | D        | Noticed a gargoyle
   214 | D        | Noticed a cyclops
   214 | D        | Noticed a two-headed ogre
   214 | D        | Noticed a deep elf pyromancer
   214 | D        | Noticed a purple ugly thing
   221 | D        | Killed a deep elf pyromancer
   222 | D        | Reached skill level 10 in Fighting
   222 | D        | Gained mutation: You have an extremely huge brain. (Int +4)
                  | [demonic ancestry]
   222 | D        | Reached XP level 9. HP: 73/79 MP: 9/12
   230 | D        | Killed a purple ugly thing
   231 | D        | Reached skill level 10 in Dodging
   231 | D        | Reached skill level 10 in Unarmed Combat
   231 | D        | Reached skill level 10 in Transmutations
   238 | D        | Killed a two-headed ogre
   239 | D        | Reached skill level 11 in Fighting
   244 | D        | Killed a cyclops
   250 | D        | Killed a gargoyle
   308 | D        | Reached * piety under Jiyva
   365 | D        | Noticed a cane toad
   365 | D        | Noticed a cane toad
   366 | D        | Noticed a komodo dragon
   372 | D        | Killed a cane toad
   373 | D        | Reached skill level 12 in Fighting
   373 | D        | Gained mutation: A meltable icy envelope protects you from
                  | harm. (AC +4) [demonic ancestry]
   373 | D        | Reached XP level 10. HP: 89/89 MP: 11/14
   383 | D        | Killed a cane toad
   406 | D        | Noticed a boulder beetle
   406 | D        | Noticed a cane toad
   406 | D        | Noticed a cane toad
   416 | D        | Killed a cane toad
   417 | D        | Reached skill level 5 in Spellcasting
   418 | D        | Killed a cane toad
   419 | D        | Reached skill level 13 in Fighting
   445 | D        | Reached skill level 1 in Armour
   456 | D        | Killed a boulder beetle
   464 | D        | Noticed a cane toad
   464 | D        | Noticed a cane toad
   468 | D        | Killed a cane toad
   469 | D        | Reached XP level 11. HP: 60/98 MP: 19/19
   542 | D        | Reached ** piety under Jiyva
   580 | D        | Noticed Sonja
   591 | D        | Killed Sonja
   592 | D        | Reached skill level 14 in Fighting
   642 | D        | Noticed an orc sorcerer
   653 | D        | Paralysed by an orc sorcerer for 4 turns
   659 | D        | Killed an orc sorcerer
   660 | D        | Reached skill level 5 in Armour
   706 | D        | Noticed an orc knight
   722 | D        | an orc knight changed into a snapping turtle
   756 | D        | Found Pestrim's Magic Scroll Boutique.
   756 | D        | Noticed an orc knight
   756 | D        | Noticed an orc high priest
   756 | D        | Noticed an orc high priest
   756 | D        | Noticed an orc high priest
   756 | D        | Noticed an orc high priest
   757 | D        | Noticed an orc knight
   760 | D        | Noticed an orc knight
   761 | D        | Killed an orc high priest
   769 | D        | Killed an orc high priest
   773 | D        | Killed an orc high priest
   777 | D        | Killed an orc high priest
   778 | D        | Reached skill level 15 in Fighting
   779 | D        | Noticed an orc knight
   785 | D        | Killed an orc knight
   791 | D        | Killed an orc knight
   799 | D        | Killed an orc knight
   808 | D        | Killed an orc knight
   811 | D        | Found Biekkes's Jewellery Shop.
   815 | D        | Found Covy's Weapon Boutique.
   819 | D        | Found Adesel's Armour Shop.
   821 | D        | Noticed an orc high priest
   822 | D        | Noticed an orc knight
   824 | D        | Noticed a sun demon
   825 | D        | Noticed an orc knight
   826 | D        | Noticed an orc knight
   832 | D        | Noticed an orc high priest
   835 | D        | Noticed a soul eater
   836 | D        | Killed an orc high priest
   899 | D        | Killed an orc knight
   900 | D        | Reached XP level 12. HP: 51/111 MP: 18/20
   902 | D        | Killed from afar by an orc high priest

Illustrated notes

Levels and vault maps discovered:
D:        linesprint [early_d, line_temple, items_1, d_10, items_2, lair_1,
          lair_end, items_3, orc_1, orc_end, items_4, d_15, swamp_1, shoals_1,
          snake_1, spider_1, d_20, vaults_1, items_5, swamp_end, shoals_end,
          snake_end, spider_end, vaults_end, d_27, items_6, zot_1, zot_end,
          crypt_end, forest_end, elf_end, slime_end, tomb_end, abyss_end,
          pan_hell_end]

Skill      XL: |  1  2  3  4  5  6  7  8  9 10 11 |
---------------+----------------------------------+-----
Dodging        | 2 3 4 6 8 9 11 12 14 | 14.5
Transmutations | 2 3 4 6 8 9 11 | 11.0
Unarmed Combat | 3 4 5 7 8 9 11 12 14 | 14.6
Fighting       | 2 3 5 7 8 9 10 12 13 15 | 15.6
Spellcasting   | 5 |  5.5
Armour         | 3 8 |  8.3

Action                   |  1- 3 |  4- 6 |  7- 9 | 10-12 || total
-------------------------+-------+-------+-------+-------++-------
Melee: Unarmed           |    25 |    23 |    44 |   233 ||   325
       Kick              |     1 |     4 |    18 |    91 ||   114
       Headbutt          |     1 |       |    12 |    47 ||    60
       Tailslap          |       |     2 |     6 |    40 ||    48
       Punch             |       |     1 |     6 |    19 ||    26
 Cast: Beastly Appendage |     1 |       |     2 |     7 ||    10
       Wereblood         |       |       |     2 |     7 ||     9
Evoke: Wand              |       |       |     7 |     2 ||     9
  Use: Potion            |     1 |     2 |     4 |     4 ||    11
       Scroll            |       |       |     2 |     4 ||     6
 Stab: Invisible         |       |     3 |       |       ||     3
Armor: Robe              |     3 |     1 |       |       ||     4
       Skin              |       |     7 |     5 |       ||    12
       Troll leather arm |       |       |     2 |    25 ||    27
Dodge: Dodged            |     5 |     2 |    18 |    98 ||   123
Block: Other             |     1 |     3 |     2 |    16 ||    22

Table legend: (Time is in decaauts)
 A = Elapsed time spent in this place.
 B = Non-inter-level travel time spent in this place.
 C = Inter-level travel time spent in this place.
 D = Time resting spent in this place.
 E = Time spent auto-exploring this place.
 F = Levels seen in this place.
 G = Mean time per level.
                   A        B        C        D        E       F      G
               +--------+--------+--------+--------+--------+-----+--------+
         Total |    837 |    837 |      0 |      0 |      0 |   1 |  837.0 |
       Dungeon |    837 |    837 |      0 |      0 |      0 |   1 |  837.0 |
               +--------+--------+--------+--------+--------+-----+--------+

Top non-repeatable levels by time:
       D: 837 daAuts
